AoeStats
← Wei-Wei

Arena

509890183Analyzed
1v1 RM · 3d ago on Sep 28, 2026· 45m 58s· 2 players
Game mode
Random Map
Map size
Tiny (2 player)
Population
200
Speed
Normal
Resources
Standard
Victory
Conquest
Starting age
Dark Age
Ending age
Imperial Age
RankedLock teamsTeams togetherTeam positionsShared explorationLock speedFull tech treeHidden civsTurbo modeCheats
Victory
Defeat
🇹🇼 Jurchens · Taiwan
597
+18
🇩🇪 Bohemians · Germany
636
-18
Wei-Wei
0:32 Loom
15:31 Feudal Age
19:56 Castle Age
26:19 Imperial Age
24:00 Double-Bit Axe
23:58 Horse Collar
25:22 Fletching
25:33 Padded Archer Armor
30:47 Imperial Age
29:32 Bodkin Arrow
29:53 Leather Archer Armor
32:13 Conscription
32:05 Heavy Plow
32:19 Bow Saw
34:36 Fortified Bastions
36:15 Ballistics
36:56 Chemistry
38:47 Crop Rotation
CreepyCate
11:32 Feudal Age
11:47 Loom
13:36 Wheelbarrow
13:33 Double-Bit Axe
13:31 Horse Collar
17:25 Town Watch
20:36 Castle Age
19:51 Padded Archer Armor
19:51 Scale Mail Armor
20:02 Forging
22:00 Leather Archer Armor
22:00 Chain Mail Armor
22:48 Iron Casting
23:48 Hand Cart
23:28 Pikeman
26:02 Town Watch
27:24 Heavy Plow
27:41 Bow Saw
29:28 Chemistry
35:50 Imperial Age
35:38 Ballistics
Connection lost

Rejoining the realm…

Still unreachable

The connection could not be restored.

Session expired

The server has moved on; the page needs a fresh start.